 Dungeon Crawl Stone Soup version 0.32-a0-868-g153ae1a8d6 (webtiles) character file.

Game seed: 3345149204470186703

83 KennySheep the Apothecary (level 4, -2/24 HPs)
             Began as a Deep Elf Alchemist on Mar 27, 2024.
             Was an Initiate of Makhleb.
             Slain by a gnoll
             ... wielding a +3 spear
              (6 damage)
             ... on level 3 of the Dungeon on Mar 28, 2024.
             The game lasted 00:08:35 (2236 turns).

KennySheep the Apothecary (Deep Elf Alchemist)      Turns: 2236, Time: 00:08:36

Health: -2/24      AC:  2    Str:  3 (5)  XL:     4   Next: 22%
Magic:  6/11       EV: 12    Int: 22      God:    Makhleb [......]
Gold:   177        SH:  0    Dex: 14 (15) Spells: 7/10 levels left

rFire   . . .        b - +2 short sword (flame)
rCold   . . .        (no shield)
rNeg    . . .        a - +0 robe
rPois   .            (no helmet)
rElec   .            (no cloak)
rCorr   .            (no gloves)
SInv    .            (no boots)
Will    .....        (no amulet)
Stlth   ++           (no ring)
HPRegen 0.24/turn    (no ring)
MPRegen 0.12/turn

%: no passive effects
@: no status effects
A: no striking features
a: Renounce Religion


You were on level 3 of the Dungeon.
You worshipped Makhleb.
Makhleb was noncommittal.
You visited 1 branch of the dungeon, and saw 3 of its levels.

You collected 177 gold pieces.

Inventory:

Hand Weapons
 b - a +2 short sword of flaming (weapon)
Armour
 a - a +0 robe (worn)
Scrolls
 c - a scroll of teleportation
 i - a scroll of identify
 k - 2 scrolls of poison
 l - a scroll of noise {unknown}
Potions
 d - a potion of lignification
 e - 2 potions of curing
 f - a potion of mutation
 g - a potion of degeneration
 h - a potion of might


   Skills:
 + Level 0.8 Fighting
 + Level 3.0 Dodging
 - Level 2.4 Stealth
 * Level 3.8 Spellcasting
 + Level 2.1 Conjurations
 + Level 1.1 Air Magic
 * Level 3.9 Alchemy


You had 7 spell levels left.
You knew the following spells:

 Your Spells              Type           Power      Damage    Failure   Level
a - Sting                 Conj/Alch      68%        1d7       3%          1
b - Mercury Vapours       Alch/Air       30%        N/A       6%          2

Your spell library contained the following spells:

 Spells                   Type           Power      Damage    Failure   Level
 Mephitic Cloud           Conj/Alch/Air  14%        N/A       13%         3
 Olgreb's Toxic Radiance  Alch           21%        N/A       22%         4
 Sticky Flame             Fire/Alch      12%        2d5       45%         4


Dungeon Overview and Level Annotations

Branches:
Dungeon (3/15)

Altars:
Makhleb
Nemelex Xobeh
The Shining One

Shops:
D:1 (


Message History

The gnoll is severely wounded.
You kill the gnoll!
Makhleb accepts your kill.
You have reached level 4!
You feel clever.
Aiming: Sting (safe; 3% risk of failure)
Press: ? - help, Q - select action, (/) - cycle Shift-Dir - straight line, f - gnoll
Aim: a gnoll, wielding a +0 whip (severely wounded, very poisoned, 77% to hit)
The sting hits the gnoll.
The gnoll looks even sicker.
The gnoll is severely wounded.
Aiming: Sting (safe; 3% risk of failure)
Press: ? - help, Q - select action, (/) - cycle Shift-Dir - straight line, f/p - gnoll
Aim: a gnoll, wielding a +0 whip (severely wounded, very poisoned, 77% to hit)
The sting hits the gnoll but does no damage.
The gnoll looks as sick as possible!
The gnoll is severely wounded.
The gnoll hits you with a +0 whip. The gnoll barely misses you.
Aiming: Sting (safe; 3% risk of failure)
Press: ? - help, Q - select action, (/) - cycle Shift-Dir - straight line, f/p - gnoll
Aim: a gnoll, wielding a +0 whip (severely wounded, extremely poisoned, 77% to hit)
The sting misses the gnoll. x2
The gnoll hits you with a +0 whip.
* * * LOW HITPOINT WARNING * * *
The gnoll barely misses you.
Your magical contamination has completely faded away.
As you read the scroll of fear, it crumbles to dust.
You assume a fearsome visage.
The gnoll looks frightened! x2
You kill the gnoll!
Makhleb accepts your kill.
You see here a hobgoblin corpse.
There is a stone staircase leading down here.
You start resting.
A gnoll is nearby!
The gnoll shouts!
The gnoll hits you from afar with a +3 spear!
* * * LOW HITPOINT WARNING * * *
The gnoll attacks as it pursues you! The gnoll barely misses you.
The gnoll attacks as it pursues you!
The gnoll hits you from afar with a +3 spear.
You die...

### ........#..#..#..#..##
........##...##.....#
........###.###.#.### ##
........# #.# #.#.# .#
........# #.# #.#.#
.##############.# #.# #.#.#
........### #g# #.# #.#.#
..........#####.###.###.#.##
...........†....@..........#
.####.....#####.###.###.#..#
## #.....# #.# #)#...#..#
#.....# #.# #)#)###..#
#.##### # #.# #.#.###..#
#####.# #...# #.#.#....#
....#.# ##.#####g#.#.##.#
....#.#
####...g...........##
....#.#
#...........#........#


You could see a gnoll.

Vanquished Creatures
  2 gnolls (D:3)
  A dart slug (D:3)
  A ribbon worm (D:2)
  6 endoplasms
  2 giant cockroaches (D:1)
  8 goblins
  3 hobgoblins
  5 jackals
  2 quokkas (D:1)
  3 ball pythons
  6 bats
  2 frilled lizards
  7 kobolds
  6 rats
54 creatures vanquished.

Notes
Turn   | Place    | Note
-------+----------+-------------------------------------------
     0 | D:1      | KennySheep the Deep Elf Alchemist began the quest for the
                  | Orb.
     0 | D:1      | Reached XP level 1. HP: 10/10 MP: 6/6
   145 | D:1      | Reached XP level 2. HP: 14/15 MP: 8/8
   166 | D:1      | Learned a level 2 spell: Mercury Vapours
   211 | D:1      | Found Yxegie's Weapon Shop.
   596 | D:1      | Upgraded the game from 0.32-a0-859-gb0a091d592 to
                  | 0.32-a0-868-g153ae1a8d6
   937 | D:1      | Reached XP level 3. HP: 20/20 MP: 8/10
  1980 | D:3      | Found a burning altar of Makhleb.
  1986 | D:3      | Reached skill level 1 in Air Magic
  1988 | D:3      | Found a glowing golden altar of the Shining One.
  2012 | D:3      | Found a sparkling altar of Nemelex Xobeh.
  2040 | D:3      | Became a worshipper of Makhleb the Destroyer
  2187 | D:3      | Reached XP level 4. HP: 9/24 MP: 3/11
  2236 | D:3      | Slain by a gnoll

Illustrated notes

Levels and vault maps discovered:
D:1:      roadster_arrival_rocket_small, layout_loops_corners, serial_shops,
          nicolae_square_shop
D:2:      layout_basic, grunt_ministairs_10, kennysheep_cluttered_room,
          minmay_gold_behind_fungi, minmay_misc_feat_diagonals
D:3:      cheibrodos_greedy_goblins, layout_basic, nemelex_altar_shiori,
          mainiacjoe_overflow_catwalk_spiral,
          nicolae_hepliaklqana_monster_ancestors, minmay_strange_pillars,
          item_on_display_a, uniq_robin

Skill      XL: |  1  2  3 |
---------------+----------+-----
Conjurations   | 2 |  2.1
Air Magic      | 1 |  1.1
Dodging        | 3 |  3.0
Fighting       | |  0.8
Stealth        | |  2.4
Spellcasting   | |  3.8
Alchemy        | |  3.9

Action                     |  1- 3 |  4- 6 || total
---------------------------+-------+-------++-------
  Melee: Short sword       |    44 |       ||    44
         Unarmed           |     3 |       ||     3
   Cast: Sting             |    68 |     3 ||    71
    Use: Potion            |     2 |       ||     2
         Scroll            |     7 |     1 ||     8
   Stab: Sleeping          |     2 |       ||     2
 Armour: Robe              |    41 |     4 ||    45
  Dodge: Dodged            |    50 |     3 ||    53

Table legend: (Time is in decaauts)
 A = Elapsed time spent in this place.
 B = Non-inter-level travel time spent in this place.
 C = Inter-level travel time spent in this place.
 D = Time resting spent in this place.
 E = Time spent auto-exploring this place.
 F = Levels seen in this place.
 G = Mean time per level.
                   A        B        C        D        E       F      G
               +--------+--------+--------+--------+--------+-----+--------+
         Total |   2235 |   2192 |     43 |    145 |   1589 |   3 |  745.0 |
       Dungeon |   2235 |   2192 |     43 |    145 |   1589 |   3 |  745.0 |
               +--------+--------+--------+--------+--------+-----+--------+

Top non-repeatable levels by time:
     D:1: 1310 daAuts
     D:2: 668 daAuts
     D:3: 255 daAuts
